Map: Kairos Junction LE

Players

Chrankon - Winner!

  • Race: Terran Terran
  • League: Master
  • Spawn Location: 5:00

Mez

  • Race: Terran Terran
  • League: Master
  • Spawn Location: 11:00

VOD

Have the link to the VOD?

Description

Time

  • Played on: Aug. 19, 2019, 1:42 p.m.
  • Length: 6:13
Show
View Real Time Build Order
Export as new Build Order

Chrankon Terran - Winner!

Build Orders: 1/1/1 

Get SALT Encoding   

  12  0:00  SCV  
  13  0:13  SCV  
  14  0:17  Supply Depot  
  14  0:25  SCV  
  15  0:33  Refinery  
  15  0:39  SCV  
  16  0:44  Barracks  
  16  0:51  SCV  
  16  0:54  Refinery  
  17  1:03  SCV  
  18  1:15  SCV  
  19  1:31  Orbital Command  
  19  1:34  Factory  
  19  1:37  Reaper  
  20  1:49  Supply Depot  
  20  1:57  SCV  
  20  2:09  Reaper  
  20  2:11  SCV  
  22  2:19  Hellion, Starport  
  24  2:24  SCV  
  24  2:26  Supply Depot  
  25  2:36  SCV  
  26  2:40  Hellion  
  26  2:41  Reaper  
  29  2:48  Supply Depot  
  29  2:49  SCV  
  30  2:55  Medivac  
  32  3:08  SCV  
  32  3:09  Hellion  
  35  3:36  Command Center  
  35  3:37  Starport Tech Lab, Factory Tech Lab  
  35  3:38  Barracks Reactor  
  35  3:43  SCV  
  36  3:48  Supply Depot  
  30  4:14  SCV  
  30  4:15  Siege Tank  
  30  4:16  Raven  
  30  4:17  Marine x2  
  36  4:20  Barracks  
  38  4:49  Siege Tank, SCV  
  38  4:50  Marine x2  
  38  4:51  Orbital Command  
  43  5:01  SCV  
  44  5:10  Marine x2  
  44  5:11  Barracks Tech Lab  
  44  5:12  Raven, Barracks  
  44  5:13  SCV  
  49  5:25  SCV  
  49  5:28  Marine x2  
  50  5:33  SCV  
  51  5:37  SCV, Marine  
  51  5:41  Refinery  
  51  5:42  Refinery  
  53  5:48  Command Center  
  53  5:57  SCV  
  53  5:58  SCV  
  53  6:00  Barracks Reactor  
Show
View Real Time Build Order
Export as new Build Order

Mez Terran 

Build Orders: Cyclone Opening 

Get SALT Encoding   

  12  0:01  SCV  
  13  0:13  SCV  
  14  0:17  Supply Depot  
  14  0:25  SCV  
  15  0:39  SCV  
  15  0:40  Barracks  
  16  0:46  Refinery  
  16  0:51  Refinery  
  16  0:54  SCV  
  17  1:06  SCV  
  18  1:18  SCV  
  19  1:28  Reaper  
  19  1:32  Orbital Command  
  20  1:36  Supply Depot  
  20  1:44  Factory  
  20  1:58  SCV  
  20  2:00  Reaper  
  22  2:10  SCV  
  23  2:24  Command Center  
  23  2:31  Factory Tech Lab  
  23  2:33  Barracks Reactor  
  23  2:36  SCV  
  24  2:39  Supply Depot  
  24  2:48  SCV  
  24  2:50  Cyclone  
  28  3:05  SCV  
  29  3:10  Starport  
  29  3:11  Marine  
  29  3:17  SCV  
  30  3:20  Marine  
  31  3:29  SCV, Marine  
  31  3:31  Siege Tank  
  36  3:38  Orbital Command  
  36  3:42  SCV  
  36  3:48  Starport Tech Lab  
  37  3:53  Refinery  
  37  3:54  SCV  
  32  4:05  SCV  
  32  4:06  SCV  
  32  4:09  Raven  
  34  4:13  Marine x2  
  29  4:33  SCV  
  29  4:34  SCV  
  30  4:46  SCV x2  
  30  4:48  Siege Tank  
  31  5:05  SCV  
  31  5:06  SCV  
  29  5:27  SCV x2  
  28  5:35  Viking, Marine x2  
  31  5:39  SCV x2  
  34  5:51  SCV  
  34  5:52  SCV  
Tags
 
Add a new tag
Caveats
  • Supply blocks, unpowered buildings, or Contaminate may cause inaccurate times.
  • Supply counts are checked every 10 seconds.